 Dungeon Crawl Stone Soup version 0.29-a0-322-g68df515428 (webtiles) character file.

Game seed: 13455542758433088046

345 GigaChad the Chopper (level 6, -1/52 HPs)
             Began as a Minotaur Gladiator on Apr 5, 2022.
             Was a Priest of Jiyva (penitent).
             Slain by Dowan
             ... wielding a +0 dagger
              (3 damage)
             ... on level 5 of the Dungeon.
             The game lasted 00:15:46 (2533 turns).

GigaChad the Chopper (Minotaur Gladiator)           Turns: 2533, Time: 00:15:48

Health: -1/52      AC: 11    Str: 18    XL:     6   Next: 32%
Magic:  0/5        EV: 10    Int:  5    God:    Jiyva [***...]
Gold:   49         SH:  0    Dex: 14    Spells: 5/5 levels left

rFire   . . .      SeeInvis +   a - +0 war axe
rCold   . . .      Faith    .   (no shield)
rNeg    . . .      Spirit   +   q - +0 plate armour
rPois   .          Reflect  .   c - +0 hat
rElec   .          Harm     .   (no cloak)
rCorr   .          Rampage  .   (no gloves)
Will    .....                   (no boots)
Stlth   ..........              j - amulet of guardian spirit
HPRegen 0.17/turn               u - ring of see invisible
MPRegen 0.09/turn               w - +4 ring of evasion

@: no status effects
A: horns 2, retaliatory headbutt
a: Renounce Religion


You were on level 5 of the Dungeon.
You worshipped Jiyva.
Jiyva was demanding penance.
You visited 1 branch of the dungeon, and saw 5 of its levels.

You collected 49 gold pieces.

Inventory:

Hand Weapons
 a - a +0 war axe (weapon)
 g - a +0 short sword
 i - a +0 short sword
 r - a +0 quarterstaff
 s - a +0 hand axe
 t - a +0 long sword
Missiles
 d - 3 throwing nets
 e - a javelin (quivered)
 l - 6 poisoned darts
Armour
 b - a +0 leather armour
 c - a +0 hat (worn)
 q - a +0 plate armour (worn)
Jewellery
 j - an amulet of guardian spirit (around neck)
 u - a ring of see invisible (left hand)
 v - a ring of willpower
 w - a +4 ring of evasion (right hand)
Scrolls
 f - 2 scrolls of identify {unknown}
 h - a scroll of enchant weapon {unknown}
 p - a scroll of noise {unknown}
Potions
 k - 3 potions of heal wounds {unknown}
 m - a potion of brilliance {unknown}
 n - a potion of cancellation {unknown}
 o - a potion of magic {unknown}
 x - a potion of invisibility {unknown}


   Skills:
 + Level 4.0 Fighting
 + Level 6.1 Axes
 + Level 2.3 Throwing
 + Level 3.1 Armour
 + Level 4.3 Dodging
 + Level 0.5 Stealth


You had 5 spell levels left.
You didn't know any spells.
Your spell library contained the following spells:

 Spells                   Type           Power      Damage    Failure   Level
 Blink                    Tloc           0%         N/A       100%        2
 Dazzling Flash           Conj/Hex       0%         N/A       100%        3
 Agony                    Necr           0%         N/A       100%        5
 Manifold Assault         Tloc           0%         N/A       100%        5
 Silence                  Hex/Air        0%         N/A       100%        5
 Storm Form               Tmut/Air       0%         N/A       100%        7


Dungeon Overview and Level Annotations

Branches:
Dungeon (5/15)
 Temple: D:4-7

Altars:
Jiyva

Annotations:
D:5 Dowan


Innate Abilities, Weirdness & Mutations

You have a pair of horns on your head.
You reflexively headbutt those who attack you in melee.


Message History

You hit Duvessa.
Duvessa is heavily wounded.
Duvessa closely misses you. You furiously retaliate!
You headbutt Duvessa. Duvessa hits you but does no damage.
You hit Duvessa.
Duvessa is heavily wounded.
Duvessa hits you with a +0 rapier.
You slash Duvessa!
Duvessa is severely wounded.
Duvessa hits you but does no damage.
Dowan gestures wildly while chanting.
Dowan blinks!
Duvessa completely misses you.
You barely miss Duvessa. You headbutt Duvessa.
Duvessa is almost dead.
Duvessa hits you with a +0 rapier!
* * * LOW HITPOINT WARNING * * *
Duvessa closely misses you. You furiously retaliate!
You headbutt Duvessa. You slash Duvessa!
You kill Duvessa!
Dowan screams, "No!
Oh no!"
Dowan seems to find hidden reserves of power!
You hit Dowan. Dowan hits you but does no damage.
Your Fighting skill increases to level 4!
Your Axes skill increases to level 6!
Your Armour skill increases to level 3!
You have reached level 6!
You miss Dowan.
Dowan is heavily wounded.
Dowan says, "Her death will not be in vain!"
Dowan hits you but does no damage. Dowan hits you with a +0 dagger.
* * * LOW HITPOINT WARNING * * *
You hit Dowan. Your headbutt misses Dowan.
Dowan is heavily wounded.
Dowan hits you but does no damage. x2
You hit Dowan.
Dowan is severely wounded.
Dowan gestures at you while chanting. The stone arrow hits you!
* * * LOW HITPOINT WARNING * * *
Dowan hits you with a +0 dagger.
You die...

.. .. . ##. . ..#
(.. #.#
.....#####.###..##
......)@e.<.......
.....######.....##
..# #.##... .# + #


You could see Dowan (fast).

Vanquished Creatures
  The ghost of Cecur the Digger, an amateur OpEE of Nemelex Xobeh (D:3)
  Duvessa (D:5)
  A jelly (D:4)
  An orc priest (D:4)
  An orc wizard (D:4)
  4 adders
  2 dart slugs (D:1)
  5 orcs
  A giant cockroach (D:1)
  2 goblins (D:2)
  6 hobgoblins
  6 kobolds
  4 ball pythons
  3 bats
  A frilled lizard (D:2)
  3 rats
  4 toadstools (D:1)
46 creatures vanquished.

Vanquished Creatures (others)
  An adder (D:2)
  A worm (D:2)
  2 endoplasms (D:4)
  An orc (D:4)
  A giant cockroach (D:2)
  A hobgoblin (D:2)
  A kobold (D:2)
  A quokka (D:2)
  2 ball pythons
  A frilled lizard (D:2)
  2 rats (D:2)
  3 fungi (D:1)
  2 plants (D:1)
  A withered plant (D:3)
20 creatures vanquished.

Grand Total: 66 creatures vanquished

Notes
Turn   | Place    | Note
-------+----------+-------------------------------------------
     0 | D:1      | GigaChad the Minotaur Gladiator began the quest for the
                  | Orb.
     0 | D:1      | Reached XP level 1. HP: 18/18 MP: 0/0
   144 | D:1      | Reached XP level 2. HP: 15/25 MP: 1/1
   406 | D:1      | Reached skill level 4 in Axes
  1073 | D:1      | Found a faded altar of an unknown god.
  1083 | D:1      | Prayed at the altar of an unknown god.
  1083 | D:1      | Became a worshipper of Jiyva Joprom the Shapeless
  1083 | D:1      | Reached * piety under Jiyva
  1142 | D:2      | Reached XP level 3. HP: 30/30 MP: 2/2
  1499 | D:3      | Reached ** piety under Jiyva
  1630 | D:3      | Reached skill level 1 in Armour
  1697 | D:3      | Found a runed translucent door.
  1697 | D:3      | Noticed Cecur's ghost (amateur OpEE)
  1713 | D:3      | Killed Cecur's ghost
  1714 | D:3      | Reached skill level 5 in Axes
  1714 | D:3      | Reached XP level 4. HP: 19/38 MP: 1/3
  1714 | D:3      | Reached XP level 5. HP: 22/45 MP: 1/4
  2024 | D:4      | Reached *** piety under Jiyva
  2230 | D:4      | Was placed under penance by Jiyva
  2513 | D:5      | Entered Level 5 of the Dungeon
  2513 | D:5      | Noticed Dowan
  2515 | D:5      | Noticed Duvessa
  2530 | D:5      | Killed Duvessa
  2531 | D:5      | Reached skill level 6 in Axes
  2531 | D:5      | Reached XP level 6. HP: 13/52 MP: 2/5
  2533 | D:5      | HP: 2/52 [Dowan/stone arrow (10)]
  2533 | D:5      | Slain by Dowan

Illustrated notes

Levels and vault maps discovered:
D:1:      ldierk_water_garden, layout_loops_corners, serial_glass,
          glass_columns_a, glass_columns_c,
          shapermc_ecumenical_altar_hornbeckon, serial_bayou_pond_a
D:2:      layout_rooms, minmay_circle_x
D:3:      layout_rooms, gammafunk_ghost_grave
D:4:      layout_gridville
D:5:      layout_rooms, demons_altar, mainiacjoe_overflow_tiny_flanked,
          nicolae_gozag_cash_rules_everything_around_me,
          chequers_serial_rivers_room_b, uniq_menkaure, uniq_duvessa,
          uniq_blork_the_orc

Skill      XL: |  1  2  3  4  5 |
---------------+----------------+-----
Axes           | 4 5 6 |  6.1
Dodging        | 4 |  4.3
Fighting       | 3 4 |  4.0
Armour         | 2 3 |  3.1
Throwing       | |  2.3
Stealth        | |  0.5

Action                   |  1- 3 |  4- 6 || total
-------------------------+-------+-------++-------
Melee: War axe           |    93 |    42 ||   135
       Headbutt          |    11 |     8 ||    19
Armor: Leather armour    |    15 |       ||    15
       Plate armour      |    15 |    45 ||    60
Dodge: Dodged            |    68 |    22 ||    90

Table legend: (Time is in decaauts)
 A = Elapsed time spent in this place.
 B = Non-inter-level travel time spent in this place.
 C = Inter-level travel time spent in this place.
 D = Time resting spent in this place.
 E = Time spent auto-exploring this place.
 F = Levels seen in this place.
 G = Mean time per level.
                   A        B        C        D        E       F      G
               +--------+--------+--------+--------+--------+-----+--------+
         Total |   2575 |   2566 |      9 |      0 |    901 |   5 |  515.0 |
       Dungeon |   2575 |   2566 |      9 |      0 |    901 |   5 |  515.0 |
               +--------+--------+--------+--------+--------+-----+--------+

Top non-repeatable levels by time:
     D:1: 1154 daAuts
     D:4: 615 daAuts
     D:3: 408 daAuts
     D:2: 374 daAuts
     D:5: 23 daAuts
